 Dungeon Crawl Stone Soup version 0.31-a0-1070-g7e96135 (webtiles) character file.

Game seed: 11895770248400457819

9916 PurpleRed the Severer (level 12, -10/110 HPs)
             Began as a Meteoran Fighter on Nov 25, 2023.
             Was a Believer of Wu Jian.
             Killed from afar by an arcanist (14 damage)
             ... with a bolt of cold
             ... on level 12 of the Dungeon.
             The game lasted 00:37:44 (4538 turns).

PurpleRed the Severer (Meteoran Fighter)            Turns: 4538, Time: 00:37:45

Health: -10/110    AC: 23    Str: 21    XL:     12   Next: 12%
Magic:  13/13      EV: 11    Int: 10    God:    Wu Jian [**....]
Gold:   208        SH:  4    Dex: 11    Spells: 11/11 levels left

rFire   . . .        p - +3 war axe (flame)
rCold   . . .        c - +0 buckler
rNeg    + . .        y - +2 scale mail {rPois}
rPois   +            B - +2 hat {Will+}
rElec   .            H - +2 ratskin cloak {*Rats rPois rN+ Str-1 Int-1 Dex+1}
rCorr   +            o - +1 pair of gloves
SInv    .            A - +1 pair of boots {Stlth+}
Will    ++...        (no amulet)
Stlth   +            P - +4 ring of protection
HPRegen 0.00/turn    K - ring of resist corrosion
MPRegen 0.13/turn

%: no passive effects
@: inhibited regen, glowing
A: sense surroundings 2, otherworldly, glowing, explore regen, [clumsy 2],
[inhibited regeneration], [subdued magic 2], [inability to drink after injury 2]
a: Renounce Religion, Wall Jump


You were on level 12 of the Dungeon.
You worshipped Wu Jian.
Wu Jian was pleased with you.
You visited 2 branches of the dungeon, and saw 13 of its levels.
You also visited: Gauntlet.

You collected 834 gold pieces.
You spent 626 gold pieces at shops.

Inventory:

Hand Weapons
 a - a +0 war axe
 m - a +0 war axe of draining
 n - a +0 battleaxe
 p - a +3 war axe of flaming (weapon)
 M - a +2 trident
Missiles
 s - 3 throwing nets
 x - 5 poisoned darts
Armour
 c - a +0 buckler (worn)
 d - a +2 ring mail of positive energy
 l - a +1 helmet
 o - a +1 pair of gloves (worn)
 r - a +1 cloak of poison resistance
 y - a +2 scale mail of poison resistance (worn)
 A - a +1 pair of boots of stealth (worn)
 B - a +2 hat of willpower (worn)
 C - a +2 troll leather armour
 F - a +0 cloak
 H - the +2 ratskin cloak (worn) {*Rats rPois rN+ Str-1 Int-1 Dex+1}
   (You found it on level 9 of the Dungeon)

   *Rats:     When the wearer is hurt, rats may emerge from it to assist them.
   Str-1:     It affects your strength (-1).
   Int-1:     It affects your intelligence (-1).
   Dex+1:     It affects your dexterity (+1).
   rPois:     It protects you from poison rN+: It protects you from negative
   energy.
 O - a +0 chain mail of poison resistance
 Q - a +0 troll leather armour
 S - the +1 cloak "Ekhyhad" {MP+9 Dex-4 Slay+3 SInv}
   (You found it in a Gauntlet)

   Dex-4:     It affects your dexterity (-4).
   Slay+3:    It affects your accuracy & damage with ranged weapons and melee
   (+3).
   MP+9:      It affects your magic capacity (+9).
   SInv:      It lets you see invisible.
Jewellery
 b - an amulet of faith
 f - a ring of wizardry
 h - a ring of protection from fire
 k - a ring of willpower
 J - a ring of protection from cold
 K - a ring of resist corrosion (right hand)
 P - a +4 ring of protection (left hand)
Talismans
 z - a blade talisman
Wands
 R - a wand of roots (8)
Scrolls
 j - a scroll of vulnerability
 u - a scroll of amnesia
 w - 6 scrolls of teleportation
 D - 2 scrolls of identify
 G - 2 scrolls of enchant weapon
 I - a scroll of fear
 L - 2 scrolls of enchant armour
 N - a scroll of poison {unknown}
Potions
 e - 2 potions of brilliance
 g - a potion of ambrosia
 i - 3 potions of curing
 q - a potion of enlightenment
 t - a potion of heal wounds
 v - 2 potions of mutation


   Skills:
 + Level 11.0 Fighting
 * Level 15.8 Axes
 + Level 6.2 Armour
 + Level 5.2 Dodging
 - Level 3.2 Shields


You had 11 spell levels left.
You didn't know any spells.
Your spell library contained the following spells:

 Spells                   Type           Power      Damage    Failure   Level
 Magic Dart               Conj           0%         1d3       67%         1
 Sandblast                Erth           0%         2d4       67%         1
 Sting                    Tmut/Pois      0%         1d3       67%         1
 Passwall                 Tmut/Erth      0%         N/A       82%         2
 Poisonous Vapours        Pois/Air       0%         N/A       82%         2
 Searing Ray              Conj           0%         2d4       82%         2
 Stone Arrow              Conj/Erth      0%         3d7       96%         3
 Volatile Blastmotes      Fire/Tloc      0%         2d10      96%         3
 Brom's Barrelling Bould  Conj/Erth      0%         2d3       100%        4
 Fulminant Prism          Conj/Hex       0%         3d5       100%        4
 Iskenderun's Mystic Bla  Conj/Tloc      0%         2d3       100%        4
 Olgreb's Toxic Radiance  Pois           0%         N/A       100%        4


Dungeon Overview and Level Annotations

Branches:
Dungeon (12/15) Zot: 2944  Temple (1/1) D:6 Zot: 535    Lair (0/5) D:10
    Orc (0/2) D:9         Gauntlet (visited)

Altars:
Ashenzari
Cheibriados
Dithmenos
Elyvilon
Fedhas
Gozag
Hepliaklqana
Kikubaaqudgha
Makhleb
Nemelex Xobeh
Okawaru
Qazlal
Ru
Sif Muna
Trog
Uskayaw
Vehumet
Wu Jian
Xom
Yredelemnul
Zin
The Shining One

Shops:
D:5 (   D:7 *   D:9 *   D:10 [

Annotations:
D:8 2 transporters, Dorkslayer's ghost, novice GnDe


Innate Abilities, Weirdness & Mutations

You passively map the area around you.
You are easily found by Zot.
You glow in the dark.
You regain HP and MP as you explore.
[You are very clumsy. (Dex -4)]
[You do not regenerate when monsters are visible.]
[Your spells are easier to cast, but less powerful.]
[You sometimes lose the ability to drink potions when taking damage.]


Message History

You feel invigorated.
You bump into the metal wall.
You bump into the translucent stone wall.
The minotaur shoots an arrow.
The arrow hits you!! The arrow freezes you!
You feel less invigorated.
You feel less confused.
The minotaur shoots an arrow.
You block the arrow.
The minotaur shoots an arrow.
The arrow closely misses you.
The minotaur shoots an arrow.
The arrow hits you!
* * * LOW HITPOINT WARNING * * *
The arrow freezes you.
* * * LOW HITPOINT WARNING * * *
Your extra speed is starting to run out.
Found a gate leading back out of this place.
There is an open door here.
Your river rat returns to the shadows of the Dungeon!
Press: ? - help, v - describe, . - travel A stone wall.
Unknown command.
Unknown command.
Autopickup is now off.
Items here: : ? [ ÷.
w - 6 scrolls of teleportation (gained 2)
Press: ? - help, v - describe, . - travel A gate leading back out of this place.
Items here: ) / [[ ÷.
r - a +1 cloak of poison resistance;
C - a +2 troll leather armour
R - a wand of roots (8) (gained 6 charges)
You feel yourself slow down.
There is a gate leading back out of this place here.
Unknown command.
Unknown command.
Welcome back to the Dungeon!
The centaur warrior shoots an arrow.
The arrow hits you!
* * * LOW HITPOINT WARNING * * *
The arrow freezes you.
* * * LOW HITPOINT WARNING * * *
The arcanist points at you and mumbles some strange words.
The bolt of cold hits you!
You die...

,*#.##########..#...##.......##*
#. , , #..#..##.........# + * *
#...>.#...........# , * *
#.)...#...........# ,, *
#.)................ , ,,
#.#.e.#...........#, , ,
#.#pc.#...........#, , * *
+.....##.........##* , ,
#..@...##.......## , *
#.....!.##.....##, *, ,,
,.......##..###.###
.........#*#... ... , * *
.>.......# .#* ## , .....##### *
..... , * ,..... * , , , , ,, ,
,,,,,


You could see a centaur warrior, a deep elf pyromancer and an arcanist.

Vanquished Creatures
  Gastronok (D:8)
  3 two-headed ogres
  An oklob plant (Gauntlet)
  An unseen horror (D:10)
  A komodo dragon (D:12)
  Prince Ribbit (D:8)
  A wraith (D:10)
  A shadow (D:10)
  5 yaks (D:10)
  Eustachio (D:5)
  A wyvern (D:8)
  An acid dragon (Gauntlet)
  A water moccasin (D:6)
  An ice beast (D:8)
  3 orc warriors
  A sky beast (D:5)
  2 black bears
  A centaur (D:9)
  2 phantoms
  4 bullfrogs
  2 scorpions
  3 wights (D:9)
  3 killer bees (D:10)
  2 hounds
  4 jellies
  4 gnoll boudas
  4 orc priests
  2 iguanas
  2 sleepcaps
  8 orc wizards
  20 gnolls
  6 adders
  2 shadow imps (D:7)
  2 white imps
  2 ufetubi (D:7)
  2 worms (D:5)
  A dart slug (D:4)
  39 orcs
  3 bats
  9 endoplasms
  5 giant cockroaches
  3 goblins
  9 hobgoblins
  3 quokkas
  5 ball pythons
  3 hobgoblin zombies (D:7)
  5 kobolds
  A kobold skeleton (D:7)
  2 kobold zombies (D:7)
  2 rats
191 creatures vanquished.

Vanquished Creatures (collateral kills)
  A centaur warrior (D:11)
  A wretched star (Gauntlet)
  A komodo dragon (D:10)
  A troll (D:11)
  2 neqoxecs (Gauntlet)
  An adder (D:5)
  2 orcs (D:9)
9 creatures vanquished.

Grand Total: 200 creatures vanquished

Notes
Turn   | Place    | Note
-------+----------+-------------------------------------------
     0 | D:1      | PurpleRed the Meteoran Fighter began the quest for the Orb.
     0 | D:1      | Reached XP level 1. HP: 19/19 MP: 2/2
    62 | D:1      | Reached XP level 2. HP: 25/26 MP: 3/3
    64 | D:1      | Reached skill level 3 in Axes
   245 | D:1      | Reached XP level 3. HP: 31/31 MP: 4/4
   640 | D:3      | Reached skill level 4 in Axes
   640 | D:3      | Reached XP level 4. HP: 37/40 MP: 5/5
   802 | D:3      | Reached XP level 5. HP: 46/46 MP: 6/6
   843 | D:4      | Noticed a phantom
   854 | D:4      | Reached skill level 5 in Axes
   859 | D:4      | Killed a phantom
   860 | D:4      | Reached XP level 6. HP: 55/55 MP: 7/7
   893 | D:4      | Reached skill level 6 in Axes
  1050 | D:4      | Reached skill level 5 in Fighting
  1104 | D:3      | Reached XP level 7. HP: 55/61 MP: 8/8
  1158 | D:4      | Reached skill level 7 in Axes
  1193 | D:5      | Entered Level 5 of the Dungeon
  1312 | D:5      | Found a stormy altar of Qazlal.
  1339 | D:5      | Reached skill level 8 in Axes
  1339 | D:5      | Reached XP level 8. HP: 64/70 MP: 9/9
  1482 | D:5      | Identified a scroll of acquirement
  1482 | D:5      | Acquired a +0 war axe of draining
  1485 | D:5      | Noticed Eustachio
  1509 | D:5      | Killed Eustachio
  1510 | D:5      | Reached skill level 9 in Axes
  1513 | D:5      | Found Beafouw's Hydra Hut.
  1515 | D:5      | Noticed a seven-headed hydra
  1518 | D:5      | Bought a +2 war axe of flaming for 201 gold pieces
  1644 | D:6      | Gained mutation: You passively map the area around you.
                  | [Meteoran growth]
  1644 | D:6      | Reached XP level 9. HP: 49/79 MP: 10/10
  1651 | D:6      | Reached skill level 10 in Axes
  1660 | D:6      | Found a white marble altar of Elyvilon.
  1772 | D:7      | Found a glowing golden altar of the Shining One.
  1984 | D:6      | Found a staircase to the Ecumenical Temple.
  2037 | Temple   | Entered the Ecumenical Temple
  2069 | Temple   | Became a worshipper of the Wu Jian Council
  2226 | D:8      | Reached skill level 11 in Axes
  2248 | D:8      | Reached skill level 1 in Dodging
  2416 | D:7      | Found a basalt altar of Yredelemnul.
  2446 | D:7      | Found a bloodstained altar of Trog.
  2448 | D:7      | Found a shimmering blue altar of Sif Muna.
  2449 | D:7      | Found a hazy altar of Hepliaklqana.
  2457 | D:7      | Found Iruaxup's General Store.
  2572 | D:7      | Bought a +0 cloak for 63 gold pieces
  2792 | D:8      | Found a transporter.
  2796 | D:8      | Found a transporter.
  2799 | D:8      | Noticed Prince Ribbit
  2821 | D:8      | Killed Prince Ribbit
  2821 | D:8      | Reached * piety under Wu Jian
  2822 | D:8      | Reached XP level 10. HP: 79/88 MP: 11/11
  2834 | D:8      | Noticed a gargoyle
  2854 | D:8      | Noticed Dorkslayer's ghost (novice GnDe)
  2862 | D:8      | Noticed Gastronok
  2884 | D:8      | Killed Gastronok
  2885 | D:8      | Reached skill level 12 in Axes
  2885 | D:8      | Reached skill level 5 in Armour
  3053 | D:9      | Found Bidoczin's Assorted Antiques.
  3061 | D:9      | Bought a scroll labelled QAGAUH GYTUDO for 26 gold pieces
  3061 | D:9      | Bought a scroll labelled YTEROSTRANU for 26 gold pieces
  3061 | D:9      | Bought a garnet ring for 130 gold pieces
  3066 | D:9      | Found the +2 ratskin cloak {*Rats rPois rN+ Str-1 Int-1
                  | Dex+1}
  3241 | D:10     | Entered Level 10 of the Dungeon
  3294 | D:10     | Reached skill level 13 in Axes
  3420 | D:10     | Found a staircase to the Lair.
  3496 | D:9      | Found a staircase to the Orcish Mines.
  3563 | D:9      | Noticed a two-headed ogre
  3583 | D:9      | Killed a two-headed ogre
  3584 | D:9      | Reached XP level 11. HP: 60/97 MP: 12/12
  3588 | D:9      | Reached skill level 5 in Dodging
  4036 | D:10     | Reached skill level 14 in Axes
  4048 | D:10     | Found Irudghoxt's Antique Armour Shoppe.
  4061 | D:10     | Reached ** piety under Wu Jian
  4062 | D:10     | Reached skill level 10 in Fighting
  4065 | D:10     | Bought a shiny chain mail for 180 gold pieces
  4120 | D:11     | Noticed a centaur warrior
  4123 | D:11     | Killed a centaur warrior
  4175 | D:12     | Found a gate leading to a gauntlet.
  4186 | D:12     | Noticed a two-headed ogre
  4197 | D:12     | Reached skill level 15 in Axes
  4197 | D:12     | Noticed a two-headed ogre
  4206 | D:12     | Killed a two-headed ogre
  4207 | D:12     | Killed a two-headed ogre
  4208 | D:12     | Noticed a deep elf pyromancer
  4216 | D:12     | Noticed an arcanist
  4223 | D:12     | Noticed a centaur warrior
  4225 | Gauntlet | Entered a Gauntlet
  4225 | Gauntlet | Noticed an oklob plant
  4225 | Gauntlet | Found a transporter.
  4229 | Gauntlet | Found a transporter.
  4230 | Gauntlet | Found a transporter.
  4233 | Gauntlet | Noticed a tengu warrior
  4245 | Gauntlet | Found a transporter.
  4247 | Gauntlet | Found a transporter.
  4249 | Gauntlet | Noticed an obsidian statue
  4256 | Gauntlet | Found a transporter.
  4269 | Gauntlet | Noticed a dire elephant
  4271 | Gauntlet | Noticed an elephant
  4272 | Gauntlet | Found a transporter.
  4279 | Gauntlet | Noticed a wretched star
  4280 | Gauntlet | Found a runed translucent door.
  4282 | Gauntlet | Found a transporter.
  4284 | Gauntlet | Found a runed translucent door.
  4291 | Gauntlet | Found a runed translucent gate.
  4292 | Gauntlet | Found a transporter.
  4292 | Gauntlet | Found a runed translucent gate.
  4293 | Gauntlet | Found a runed translucent gate.
  4294 | Gauntlet | Noticed a fire crab
  4306 | Gauntlet | Found a transporter.
  4315 | Gauntlet | Found a transporter.
  4318 | Gauntlet | Found a transporter.
  4361 | Gauntlet | Killed an oklob plant
  4362 | Gauntlet | Reached XP level 12. HP: 108/108 MP: 13/13
  4367 | Gauntlet | Identified the +1 cloak "Ekhyhad" {MP+9 Dex-4 Slay+3 SInv}
  4381 | Gauntlet | Found a transporter.
  4458 | Gauntlet | Killed a wretched star
  4479 | Gauntlet | Identified the +6 orcbow "Lehout" {freeze, Drain Str+4}
  4479 | Gauntlet | Noticed a minotaur
  4538 | D:12     | HP: 5/110 [centaur warrior/arrow (17)]
  4538 | D:12     | Killed from afar by an arcanist

Illustrated notes

Levels and vault maps discovered:
D:1:      dpeg_arrival_court, layout_basic
D:2:      layout_loops_corners
D:3:      layout_basic, minivault_14
D:4:      layout_rooms, minivault_26, hangedman_decor_riveting,
          item_on_display_a
D:5:      layout_cave_pools, mainiacjoe_overflow_alcove_4,
          doesnt_shop_hydraphobe, uniq_eustachio
D:6:      layout_basic, mainiacjoe_overflow_cross_hatched,
          minmay_temple_entry_ruins
D:7:      layout_loops_cross, nicolae_tso_besieged_by_evil,
          amcnicky_altar_gilded, grunt_temple_overflow_open, serial_shops,
          shop_fountains
D:8:      layout_basic, nzn_ghost_randoct, uniq_prince_ribbit1, uniq_gastronok
D:9:      minmay_klotski, layout_stronghold, hiddenorc1_lemuel, serial_shops,
          nicolae_shop_hallway_stairs
D:10:     layout_basic, dpeg_oklobed_lair, serial_shops,
          nicolae_shop_rolling_square
D:11:     layout_roguey, nicolae_houndstooth_variations
D:12:     minmay_the_grid_octo_tiled_octocenter [minmay_the_grid_octo_empty,
          minmay_the_grid_octo_thin_diamonds, minmay_the_grid_octo_empty,
          minmay_the_grid_octo_concentric, minmay_the_grid_octo_prize_star,
          minmay_the_grid_square_5x5_eight_small,
          minmay_the_grid_square_5x5_mess, minmay_the_grid_square_5x5_z,
          minmay_the_grid_square_5x5_percent], layout_rooms,
          gauntlet_entry_generic, minivault_25_ag
Temple:   regret_index_temple_waves

Skill      XL: |  1  2  3  4  5  6  7  8  9 10 11 12 |
---------------+-------------------------------------+-----
Axes           | 3 4 5 6 8 9 11 13 15 | 15.8
Fighting       | 4 5 7 8 9 10 11 | 11.0
Dodging        | 2 4 5 |  5.2
Armour         | 4 6 |  6.2
Shields        | |  3.2

Action                     |  1- 3 |  4- 6 |  7- 9 | 10-12 || total
---------------------------+-------+-------+-------+-------++-------
  Melee: War axe           |    67 |    67 |   246 |   130 ||   510
Ability: Lunge             |       |       |     9 |    13 ||    22
         Whirlwind         |       |       |       |     2 ||     2
         Wall Jump         |       |       |       |     4 ||     4
    Use: Potion            |       |     1 |       |     5 ||     6
         Scroll            |       |       |    16 |     5 ||    21
 Armour: Scale mail        |    47 |    21 |    54 |    95 ||   217
         Ring mail         |       |    24 |   122 |       ||   146
  Dodge: Dodged            |    34 |    44 |   112 |    48 ||   238
  Block: Buckler           |    18 |    24 |    59 |    33 ||   134

Table legend: (Time is in decaauts)
 A = Elapsed time spent in this place.
 B = Non-inter-level travel time spent in this place.
 C = Inter-level travel time spent in this place.
 D = Time resting spent in this place.
 E = Time spent auto-exploring this place.
 F = Levels seen in this place.
 G = Mean time per level.
                   A        B        C        D        E       F      G
               +--------+--------+--------+--------+--------+-----+--------+
         Total |   4617 |   4330 |    287 |      0 |      0 |  14 |  329.8 |
       Dungeon |   4254 |   3995 |    259 |      0 |      0 |  12 |  354.5 |
        Temple |     64 |     36 |     28 |      0 |      0 |   1 |   64.0 |
      Gauntlet |    298 |    298 |      0 |      0 |      0 |   1 |  298.0 |
               +--------+--------+--------+--------+--------+-----+--------+

Top non-repeatable levels by time:
     D:9: 749 daAuts
     D:8: 514 daAuts
     D:6: 460 daAuts
     D:7: 380 daAuts
     D:4: 358 daAuts
     D:2: 357 daAuts
    D:10: 337 daAuts
     D:1: 330 daAuts
     D:3: 330 daAuts
Gauntlet: 298 daAuts
     D:5: 294 daAuts
    D:12: 71 daAuts
    D:11: 68 daAuts
  Temple: 64 daAuts
